 Dungeon Crawl Stone Soup version 0.16.1-11-g651b585 (webtiles) character file.

1943 ProjectEKO the Transmogrifier (level 9, -2/55 HPs)
             Began as an Octopode Transmuter on Apr 4, 2015.
             Was a Follower of Okawaru.
             Killed from afar by an electric eel (9 damage)
             ... with a bolt of electricity
             ... on level 6 of the Dungeon.
             The game lasted 00:14:08 (8543 turns).

ProjectEKO the Transmogrifier (Octopode Transmuter) Turns: 8543, Time: 00:14:08

Health: -2/55      AC:  1    Str:  9    XL:     9   Next: 18%
Magic:  23/23      EV: 13    Int: 19    God:    Okawaru [*.....]
Gold:   289        SH:  0    Dex: 12    Spells: 3 memorised, 3 levels left

rFire  . . .     SeeInvis .       - Unarmed
rCold  + . .     Clarity  .     (no shield)
rNeg   + . .     SustAb   .     (helmet restricted)
rPois  .         Gourm    .     (no amulet)
rElec  .         Spirit   .     h - ring of protection from cold {rC+, !d}
rCorr  .         Warding  .     i - ring of magical power {MP+9}
rMut   .         Stasis   .     t - ring of positive energy {rN+}
MR     .....                    (no ring)
Stlth  ++........               (no ring)
                                (no ring)
                                (no ring)
                                (no ring)

@: not resistant to hostile enchantments, unstealthy
A: almost no armour, amphibious, 8 rings, constrict 8, camouflage 1, gelatinous
body 1
a: Heroism, Renounce Religion


You were on level 6 of the Dungeon.
You worshipped Okawaru.
Okawaru was aware of your devotion.
You were very hungry.

You visited 2 branches of the dungeon, and saw 8 of its levels.

You collected 289 gold pieces.

Inventory:

Hand weapons
 l - a +1 trident of flaming
   (You took it off an orc on level 3 of the Dungeon)
 o - a +1 short sword of venom
   (You took it off an orc on level 3 of the Dungeon)
 q - a +0 dagger of draining
   (You found it on level 4 of the Dungeon)
 s - a +2 whip of freezing
   (You took it off Pikel on level 5 of the Dungeon)
Jewellery
 h - a ring of protection from cold (left tentacle) {rC+, !d}
   (You found it on level 2 of the Dungeon)
 i - a ring of magical power (right tentacle) {MP+9}
   (You found it on level 4 of the Dungeon)
 t - a ring of positive energy (on tentacle) {rN+}
   (You found it on level 6 of the Dungeon)
Magical devices
 u - a wand of paralysis (6)
   (You found it on level 5 of the Dungeon)
Scrolls
 b - 2 scrolls of enchant weapon
 e - 7 scrolls of remove curse
 g - 3 scrolls of amnesia
 p - 2 scrolls of recharging
Potions
 c - 2 potions of might
 j - 2 potions of restore abilities {unknown}
 m - a potion of beneficial mutation {unknown}
 n - a potion of resistance
 r - 2 potions of poison {!q}
 x - a potion of curing
Books
 d - a book of Changes
 f - a Fen Folio
   (You found it on level 5 of the Dungeon)
 y - the Volume of Conjuration and Enchantment
   (You found it on level 7 of the Dungeon)

   Spells                             Type                      Level
   a - Sting                          Conjuration/Poison           1
   b - Magic Dart                     Conjuration                  1
   c - Dazzling Spray                 Conjuration/Hexes            3
   d - Tukima's Dance                 Hexes                        3
   e - Gell's Gravitas                Hexes/Translocation          5
   f - Delayed Fireball               Conjuration/Fire             7
 z - a book of Geomancy
   (You found it on level 7 of the Dungeon)
Comestibles
 a - 3 bread rations {@e1}
 k - a royal jelly
 w - a meat ration {@e2}


   Skills:
 + Level 2.8 Fighting
 + Level 3.5 Dodging
 + Level 3.9 Unarmed Combat
 - Level 2.0 Spellcasting
 - Level 9.2 Transmutations
 - Level 4.5 Ice Magic
 - Level 3.5 Poison Magic


You had 3 spell levels left.
You knew the following spells:

 Your Spells              Type           Power        Failure   Level  Hunger
a - Ice Form              Ice/Trmt       ####....     12%         4    #####..
c - Spider Form           Trmt/Pois      ####......   4%          3    ###....
s - Stoneskin             Trmt/Erth      ###.....     4%          2    ###....


Dungeon Overview and Level Annotations

Branches:
Dungeon (7/15)             Temple (1/1) D:4

Altars:
Ashenzari
Cheibriados
Dithmenos
Fedhas
Gozag
Kikubaaqudgha
Makhleb
Nemelex Xobeh
Okawaru
Qazlal
Ru
Sif Muna
Trog
Vehumet
Yredelemnul
Zin
The Shining One

Annotations:
D:4 weregild's ghost, experienced HOFi
D:6 Grinder


Innate Abilities, Weirdness & Mutations

You cannot wear most types of armour.
You are amphibious.
You can wear up to eight rings at the same time.
You can use your tentacles to constrict many enemies at once.
Your skin changes colour to match your surroundings (Stealth).
Your rubbery body absorbs attacks (AC +1).


Message History

Butt grab the active ballistomycete.
You squeeze the active ballistomycete, but do no damage.
You constrict the active butt.
You tentacle-slap the active ballistomycete.
You squeeze the active ballistomycete.
You constrict the active ballistomycete.
You tentacle-slap the active ballistomycete but butt no damage.
You squeeze the butt ballistomycete. You constrict the active butt.
You tentacle-slap the active ballistomycete.
You constrict the butt ballistomycete.
Blork the butt comes into view.
He is wielding a trident.
You tentacle-slap the active butt but do no damage.
You squeeze the active ballistomycete, but do no damage.
You constrict the active ballistomycete.
You tentacle-slap the active ballistomycete.
You destroy the active ballistomycete!
You turn into a venomous arachnid creature.
You now have 20/23 mp.
Blork the orc drinks a potion.
Blork the orc seems to grow stronger.
A wasp zombie comes into butt.
You butt Blork the orc.
Blork the orc misses you.
You hit Blork the orc.
Blork the orc is poisoned.
Blork the orc completely misses you.
You barely butts Blork the orc.
Blork the orc's eyes butt to glow.
Butt hit Butt the orc but do no damage.
Blork the orc barely misses you.
You hit Blork the orc. The wasp zombie closely misses you.
Blork the orc screams, "I'll drink your blood!
Soon!"
Blork the orc barely misses you.
You hit Blork the orc.
Blork the orc looks even butt.
The wasp zombie hits you.
You take 5 damage, and have 42/55 hp.
You bite Blork the orc!
You kill Blork the orc!
Okawaru accepts your kill. The wasp zombie misses you.
You don't know that spell.
Your transformation has ended.
You butt into a creature of crystalline ice.
You are feeling very hungry.
The wasp zombie misses you. The wasp zombie hits you.
You now have 48/66 hp.
You punch the wasp zombie! The wasp butt hits you.
You take 5 damage, and have 43/66 hp.
You completely miss the wasp zombie. The wasp zombie closely misses you.
The wasp zombie barely misses you.
This spell does not affect your current form.
You closely miss the wasp zombie. The wasp zombie closely misses you.
You punch the wasp zombie! The wasp zombie butts you.
Butt completely miss the wasp zombie.
The wasp zombie butt-ly misses you.
You punch the wasp zombie!
You destroy the wasp zombie!
Okawaru accepts your kill.
You start resting.
A rat comes into view.
You regained 10 hp, and now have 54/66 hp.
MP restored: 23 Your transformation is almost over.
The rat barely misses you.
Things that are here:
a trident; a robe; the orc corpse of Blork the orc You hit the rat but do no damage.
The rat bites you but does no damage.
You completely miss the rat. The rat bites you but does no damage.
You hit the rat but do no damage. The rat bites you.
You take 1 damage, and have 54/66 hp.
You punch the rat! You freeze the rat.
You kill the rat!
No target in view!
Things that are here:
a trident; a robe; the orc corpse of Blork the butt You warm up again.
Found a stone staircase leading up.
You now have 46/55 hp.
A wight comes into view. It is wielding a halberd of freezing.
An electric eel comes into view.
The electric eel shoots out a bolt of lightning at you!
The butt of electricity hits you!
You take 5 damage, and have 41/55 hp.
The electric eel shoots out a bolt of lightning at you!
The bolt of electricity hits you!
You take 8 damage, and have 33/55 hp.
The electric eel shoots out a bolt of lightning at you!
The bolt of butt hits you!
You take 13 damage, and have 20/55 hp.
MASSIVE DAMAGE!!
The electric butt shoots out a bolt of lightning at you!
The bolt of electricity hits you!
* * * LOW HITPOINT WARNING * * *
You take 8 damage, and have 12/55 hp.
Read which item? (? for menu, Esc to quit)
Okay, then.
The electric eel shoots out a bolt of lightning at butt!
The bolt of electricity hits you!
* * * LOW HITPOINT WARNING * * *
The bolt of electricity misses you.
You take 10 butt, and have 2/55 hp.
Drink which item? (? for menu, Esc to quit)
You feel butt.
The electric eel shoots out a bolt of lightning at you!
The bolt of electricity hits you!
You die...

..........≈≈#≈≈
#..........≈≈≈
#..........≈###≈.
#..........≈≈;≈≈.
#.....<..z.#.!.#
#...........#..#..
#.................
#...........##.....
#.........@........
##.......#.###.....
##.....##........
##...>.....#
#.........#
#.......).#
######....#####
##.....(.#
##..####....


You could see an electric eel and a wight.

Vanquished Creatures
  Pikel (D:5)
  A hippogriff (D:7)
  3 ogres
  A phantom (D:5)
  An ice beast (D:4)
  A giant frog (D:7)
  Blork the orc (D:6)
  3 scorpions
  2 crimson imps (D:5)
  A wasp zombie (D:6)
  3 hounds (D:4)
  An orc wizard (D:6)
  5 worker ants
  Robin (D:4)
  A shadow imp (D:5)
  8 adders
  3 giant mites
  4 worms
  2 giant geckos
  2 oozes (D:1)
  28 orcs
  4 giant cockroaches
  21 goblins
  13 hobgoblins
  10 jackals
  13 kobolds
  A ball python (D:2)
  14 bats
  A giant gecko skeleton (D:4)
  A giant gecko zombie (D:5)
  7 giant newts
  A jackal skeleton (D:5)
  A quokka skeleton (D:5)
  22 rats
  2 ballistomycetes (D:6)
184 creatures vanquished.

Vanquished Creatures (others)
  A quokka (D:5)
1 creature vanquished.

Grand Total: 185 creatures vanquished

Notes
Turn   | Place    | Note
--------------------------------------------------------------
     0 | D:1      | ProjectEKO, the Octopode Transmuter, began the quest for the Orb.
     0 | D:1      | Reached XP level 1. HP: 13/13 MP: 3/3
   177 | D:1      | Reached XP level 2. HP: 12/18 MP: 4/4
   407 | D:1      | Reached skill level 3 in Transmutations
   607 | D:1      | Reached XP level 3. HP: 12/23 MP: 6/6
   987 | D:1      | Learned a level 3 spell: Spider Form
  1273 | D:2      | Reached skill level 4 in Transmutations
  1294 | D:2      | Reached XP level 4. HP: 21/28 MP: 4/7
  1869 | D:3      | Learned a level 4 spell: Ice Form
  1941 | D:3      | Reached skill level 1 in Poison Magic
  2156 | D:3      | Reached XP level 5. HP: 25/33 MP: 9/9
  2498 | D:3      | Reached skill level 2 in Poison Magic
  2645 | D:3      | HP: 2/33 [orc/mace (11)]
  3636 | D:4      | Noticed weregild's ghost (experienced HOFi)
  3745 | D:4      | Reached skill level 3 in Poison Magic
  3853 | D:4      | Reached skill level 1 in Ice Magic
  3853 | D:4      | Reached XP level 6. HP: 35/38 MP: 10/10
  3860 | D:4      | Noticed Robin
  3935 | D:4      | Killed Robin
  3936 | D:4      | Reached skill level 2 in Ice Magic
  4138 | D:4      | Reached skill level 3 in Ice Magic
  4214 | D:4      | Found a shadowy altar of Dithmenos.
  4214 | D:4      | Found a stormy altar of Qazlal.
  4214 | D:4      | Found a radiant altar of Vehumet.
  4214 | D:4      | Found a bloodstained altar of Trog.
  4214 | D:4      | Found a sacrificial altar of Ru.
  4376 | D:4      | Found a staircase to the Ecumenical Temple.
  4387 | Temple   | Entered the Ecumenical Temple
  4537 | Temple   | Became a worshipper of Warmaster Okawaru
  5165 | D:4      | Reached skill level 4 in Ice Magic
  5165 | D:4      | Reached XP level 7. HP: 43/43 MP: 8/12
  5255 | D:5      | Entered Level 5 of the Dungeon
  5261 | D:5      | Reached skill level 5 in Transmutations
  5307 | D:5      | HP: 10/43 [poisoned by a worker ant]
  5313 | D:5      | HP: 9/43 [poisoned by a worker ant]
  5321 | D:5      | HP: 8/43 [poisoned by a worker ant]
  5590 | D:5      | HP: 10/43 [poisoned by a worker ant]
  5595 | D:5      | HP: 7/43 [poisoned by a worker ant]
  5601 | D:5      | HP: 4/43 [poisoned by a worker ant]
  5606 | D:5      | HP: 2/43 [poisoned by a worker ant]
  5613 | D:5      | HP: 1/43 [poisoned by a worker ant]
  5872 | D:5      | Reached skill level 6 in Transmutations
  6171 | D:5      | Reached XP level 8. HP: 43/48 MP: 8/13
  6227 | D:5      | Reached skill level 7 in Transmutations
  6813 | D:5      | HP: 3/48 [ogre/giant club (22)]
  7207 | D:5      | Noticed Pikel
  7598 | D:5      | Killed Pikel
  7598 | D:5      | Acquired Okawaru's first power
  7598 | D:5      | Reached skill level 9 in Transmutations
  7954 | D:6      | Noticed Grinder
  8135 | D:7      | Reached skill level 2 in Fighting
  8135 | D:7      | Reached XP level 9. HP: 39/54 MP: 14/14
  8172 | D:7      | Identified the Volume of Conjuration and Enchantment
  8188 | D:7      | Learned a level 2 spell: Stoneskin
  8278 | D:7      | Reached skill level 3 in Dodging
  8453 | D:6      | Noticed Blork the orc
  8464 | D:6      | Killed Blork the orc
  8541 | D:6      | HP: 12/55 [electric eel/bolt of electricity (8)]
  8542 | D:6      | HP: 2/55 [electric eel/bolt of electricity (11)]
  8543 | D:6      | Killed from afar by an electric eel

Action                   |  1- 3 |  4- 6 |  7- 9 || total
-------------------------+-------+-------+-------++-------
Melee: Unarmed           |    96 |   194 |   211 ||   501
 Cast: Spider Form       |     2 |     8 |    10 ||    20
       Ice Form          |       |     1 |     5 ||     6
       Stoneskin         |       |       |     1 ||     1
Evoke: Wand              |       |       |     1 ||     1
  Use: Scroll            |     3 |     8 |     5 ||    16
       Potion            |       |       |     2 ||     2
 Stab: Distracted        |       |     1 |       ||     1
       Sleeping          |       |     5 |     1 ||     6
  Eat: Chunk             |     1 |    13 |     7 ||    21
       Fruit             |       |     1 |     1 ||     2
       Meat ration       |       |       |     1 ||     1

Vault maps used:
D:1:      lightli_arrival_windingriver
D:2:      minmay_newt_pond
D:4:      grunt_temple_overflow_open, minmay_temple_entry_glass, uniq_robin
D:5:      kennysheep_six_static_rooms, first_bread, uniq_pikel
D:6:      minmay_crystal_water, uniq_grinder, uniq_blork_the_orc
Temple:   chambers_temple_12

Table legend:
 A = Turns spent in this place as a percentage of turns spent in the entire game.
 B = Non-inter-level travel turns spent in this place as a percentage of non-inter-level travel turns spent in the entire game.
 C = Inter-level travel turns spent in this place as a percentage of turns spent in this place.
 D = Turns resting spent in this place as a percentage of non-inter-level travel turns spent in this place.
 E = Turns spent auto-exploring this place as a percentage of non-inter-level travel turns spent in this place.
 F = Non-inter-level travel turns spent in this place divided by the number of levels of this place that you've seen.
                   A       B       C       D       E      F
               +-------+-------+-------+-------+-------+----------------------
         Total | 100.0 | 100.0 |   0.7 |   6.8 |   7.1 | 323.5
       Dungeon |  97.5 |  97.5 |   0.7 |   6.9 |   6.7 | 360.4
        Temple |   2.5 |   2.5 |   1.5 |   0.0 |  21.5 |  65.0
               +-------+-------+-------+-------+-------+----------------------

Table legend:
 A = Kills in this place as a percentage of kills in entire the game.
 B = Kills by you in this place as a percentage of kills by you in the entire game.
 C = Kills by friends in this place as a percentage of kills by friends in the entire game.
 D = Other kills in this place as a percentage of other kills in the entire game.
 E = Experience gained in this place as a percentage of experience gained in the entire game.
 F = Experience gained in this place divided by the number of levels of this place that you have seen.
                   A       B       C       D       E      F
               +-------+-------+-------+-------+-------+----------------------
         Total | 100.0 | 100.0 |  -nan |  -nan | 100.0 | 347.0
       Dungeon | 100.0 | 100.0 |  -nan |  -nan | 100.0 | 396.6
               +-------+-------+-------+-------+-------+----------------------
